 Dungeon Crawl Stone Soup version 0.29.1-12-g30fa7ad0bf (webtiles) character file.

Game seed: 1168155806142034431

10450 ChrisAssaf the Twirler (level 11, -2/78 HPs)
             Began as a Human Artificer on Dec 12, 2022.
             Was an Initiate of Yredelemnul.
             Slain by a boulder beetle (15 damage)
             ... on level 10 of the Dungeon.
             The game lasted 01:08:16 (11316 turns).

ChrisAssaf the Twirler (Human Artificer)           Turns: 11316, Time: 01:08:16

Health: -2/78      AC: 17    Str: 18    XL:     11   Next: 93%
Magic:  0/26       EV: 14    Int: 16    God:    Yredelemnul [......]
Gold:   345        SH:  0    Dex: 14    Spells: 5/18 levels left

rFire   . . .      SeeInvis .   i - +7 quarterstaff of Curodett {vorpal, Int+3}
rCold   . . .      Faith    .   (shield currently unavailable)
rNeg    . . .      Spirit   +   w - +2 robe of Indemnity {Str+3}
rPois   .          Reflect  .   (no helmet)
rElec   .          Harm     .   B - +2 cloak {Will+}
rCorr   .          Rampage  .   j - +1 pair of gloves {infuse}
Will    +....                   k - +2 pair of boots
Stlth   +++.......              s - amulet of guardian spirit
HPRegen 0.23/turn               r - +4 ring of protection
MPRegen 0.20/turn               y - ring of magical power

@: no status effects
A: no striking features
a: Renounce Religion, Recall Undead Harvest


You were on level 10 of the Dungeon.
You worshipped Yredelemnul.
Yredelemnul was noncommittal.
You visited 1 branch of the dungeon, and saw 10 of its levels.

You collected 600 gold pieces.
You spent 255 gold pieces at shops.

Inventory:

Hand Weapons
 a - a +0 club
 h - a +2 flail of protection
 i - the +7 quarterstaff of Curodett (weapon) {vorpal, Int+3}
   (You acquired it on level 1 of the Dungeon)

   It inflicts extra damage upon your enemies.
   Int:       It affects your intelligence (+3).
 C - the +1 hammer of Precise Incision {speed, rPois rF+ Str+3 Dex-3}
   (You found it on level 6 of the Dungeon)

   Attacks with this weapon are significantly faster.
   Str:       It affects your strength (+3).
   Dex:       It affects your dexterity (-3).
   rF:        It protects you from fire.
   rPois:     It protects you from poison.
Missiles
 g - 3 poisoned darts (quivered)
 u - 3 curare-tipped darts
Armour
 b - a +1 leather armour
 j - a +1 pair of gloves of infusion (worn)
 k - a +2 pair of boots (worn)
 w - the +2 robe of Indemnity (worn) {Str+3}
   (You found it on level 4 of the Dungeon)

   Str:       It affects your strength (+3).
 B - a +2 cloak of willpower (worn)
Jewellery
 r - a +4 ring of protection (left hand)
 s - an amulet of guardian spirit (around neck)
 y - a ring of magical power (right hand)
 A - a ring of positive energy
Wands
 c - a wand of flame (25)
 d - a wand of charming (6)
 p - a wand of quicksilver (2)
 z - a wand of polymorph (6)
Scrolls
 e - a scroll of vulnerability
 m - 3 scrolls of fog
 n - 2 scrolls of noise
 o - a scroll of identify
 q - a scroll of magic mapping
Potions
 f - 2 potions of attraction {unknown}
 l - a potion of ambrosia {unknown}
 v - a potion of curing
 x - 2 potions of mutation {unknown}
 D - a potion of brilliance
 E - 2 potions of lignification {unknown}


   Skills:
 * Level 4.4 Fighting
 * Level 4.9(6.5) Maces & Flails
 * Level 3.1(5.2) Polearms
 * Level 6.5(7.6) Staves
 * Level 4.0 Throwing
 * Level 4.9 Armour
 * Level 5.3 Dodging
 * Level 4.9 Stealth
 * Level 4.0 Spellcasting
 * Level 1.5 Conjurations
 * Level 4.0 Hexes
 * Level 1.5 Translocations
 * Level 3.5 Transmutations
 * Level 4.0 Ice Magic
 * Level 3.7 Earth Magic
 * Level 4.3 Invocations
 * Level 5.7 Evocations


You had 5 spell levels left.
You knew the following spells:

 Your Spells              Type           Power      Damage    Failure   Level
a - Ensorcelled Hibernat  Hex/Ice        32%        N/A       4%          2
b - Passwall              Tmut/Erth      11%        N/A       6%          2
c - Iskenderun's Mystic   Conj/Tloc      8%         2d4       65%         4
d - Borgnjor's Vile Clut  Necr/Erth      4%         N/A       91%         5

Your spell library contained the following spells:

 Spells                   Type           Power      Damage    Failure   Level
 Dazzling Flash           Conj/Hex       24%        N/A       16%         3
 Gell's Gravitas          Tloc           8%         N/A       26%         3
 Lesser Beckoning         Tloc           8%         N/A       26%         3
 Teleport Other           Tloc           8%         N/A       26%         3
 Swiftness                Air            3%         N/A       45%         3
 Starburst                Conj/Fire      2%         6d3       100%        6
 Animate Dead             Necr           Unusable   N/A       N/A         4
 Death Channel            Necr           Unusable   N/A       N/A         6

Dungeon Overview and Level Annotations

Branches:
Dungeon (10/15)            Temple (0/1) D:7            Lair (0/5) D:10
    Orc: D:9-12

Altars:
Fedhas
Okawaru
Trog
Yredelemnul

Shops:
D:3 [   D:5 *

Annotations:
D:10 Amaemon


Message History

Things that are here:
a +0 dire flail; a +0 chain mail The boulder beetle misses you.
You hit the boulder beetle but do no damage.
The boulder beetle is moderately wounded.
The boulder beetle bites you.
You sock the boulder beetle!
The boulder beetle is heavily wounded.
The boulder beetle bites you!
* * * LOW HITPOINT WARNING * * *
You feel better. The boulder beetle bites you!
* * * LOW HITPOINT WARNING * * *
Magic courses through your body. The boulder beetle bites you!
* * * LOW HITPOINT WARNING * * *
You hit the boulder beetle but do no damage.
The boulder beetle is heavily wounded.
The boulder beetle looks more healthy.
The boulder beetle bites you!!
* * * LOW HITPOINT WARNING * * *
You sock the boulder beetle!
The boulder beetle is almost dead.
The boulder beetle completely misses you.
You feel better.
The boulder beetle bites you but does no damage.
You barely miss the boulder beetle.
The boulder beetle is almost dead.
The boulder beetle closely misses you.
You hit the boulder beetle.
The boulder beetle is almost dead.
The boulder beetle completely misses you.
You hit the boulder beetle but do no damage.
The boulder beetle is almost dead.
The boulder beetle barely misses you.
You hit the boulder beetle but do no damage.
The boulder beetle is almost dead.
The boulder beetle closely misses you.
You completely miss the boulder beetle.
The boulder beetle is almost dead.
The boulder beetle bites you!
You die...
Your body rises from the dead as a mindless zombie.

#...........o............
########.#####.########.#
#.# .# #.# #.# .# #.# #)#
.# #.# #(# .# #.# #.# .#
#.# #)# #.# #># #@# #.
#..
########B#####.########.#
#.......................#
######.#####............#
#.# #............# #.#
#............# #.#
#............. #.#
#...........<#
######.#####............#


You could see a boulder beetle.

Vanquished Creatures
  A slime creature (D:10)
  A two-headed ogre (D:9)
  Nergalle (D:10)
  Pikel (D:8)
  An orange demon (D:9)
  Psyche (D:9)
  The ghost of venomsnake the Chopper, an amateur MiBe of Trog (D:5)
  Prince Ribbit (D:7)
  A shadow (D:9)
  A vampire (D:9)
  Sigmund (D:2)
  6 yaks
  2 wyverns (D:10)
  2 steam dragons (D:8)
  A basilisk (D:10)
  3 vampire mosquitoes (D:9)
  A water moccasin (D:10)
  2 orc warriors
  A sky beast (D:6)
  2 black bears
  2 ice beasts
  2 centaurs
  An ogre (D:7)
  2 kobold brigands
  A lemure (D:7)
  3 phantoms
  2 necrophages (D:7)
  A gnoll sergeant (D:8)
  3 scorpions
  8 wights
  11 killer bees
  3 howler monkeys
  2 jellies (D:2)
  Crazy Yiuf (D:6)
  A gnoll bouda (D:7)
  An orc priest (D:6)
  3 iguanas
  An orc wizard (D:8)
  4 gnolls
  8 adders
  2 shadow imps (D:6)
  A white imp (D:5)
  An ufetubus (D:4)
  A worm (D:4)
  A dart slug (D:4)
  11 orcs
  6 ball pythons
  10 endoplasms
  6 giant cockroaches
  6 goblins
  6 hobgoblins
  4 jackals
  5 quokkas
  2 bats (D:1)
  A giant cockroach zombie (D:2)
  9 kobolds
  A kobold zombie (D:2)
  4 rats
168 creatures vanquished.

Vanquished Creatures (collateral kills)
  A gargoyle (D:10)
  A slime creature (D:10)
  3 yaks
  A vampire mosquito (D:9)
  A sky beast (D:7)
  3 centaurs
  A killer bee (D:10)
  A hound (D:5)
  An iguana (D:5)
  3 gnolls
  An adder (D:6)
  A worm (D:2)
  3 ball pythons
  6 endoplasms
  2 jackals
  A quokka (D:4)
  5 kobolds
35 creatures vanquished.

Vanquished Creatures (others)
  A troll (D:10)
  3 vampire mosquito zombies (D:9)
  A wyvern zombie (D:10)
  A yak zombie (D:10)
  An orc wizard (D:5)
  A scorpion zombie (D:10)
  5 killer bee zombies
  A howler monkey zombie (D:10)
  A gnoll (D:7)
  A steam dragon zombie (D:8)
  6 orc zombies
  An adder zombie (D:2)
  An endoplasm (D:3)
  4 gnoll zombies
  A jackal (D:1)
  A ball python zombie (D:2)
  3 endoplasm zombies (D:2)
  A hobgoblin zombie (D:4)
  A kobold zombie (D:2)
  A quokka zombie (D:4)
  34 fungi
  23 plants
  6 toadstools (D:2)
99 creatures vanquished.

Grand Total: 302 creatures vanquished

Notes
Turn   | Place    | Note
-------+----------+-------------------------------------------
     0 | D:1      | ChrisAssaf the Human Artificer began the quest for the Orb.
     0 | D:1      | Reached XP level 1. HP: 15/15 MP: 1/1
   149 | D:1      | Reached XP level 2. HP: 19/21 MP: 2/2
   170 | D:1      | Reached XP level 3. HP: 22/26 MP: 3/3
   345 | D:1      | Found a faded altar of an unknown god.
   367 | D:1      | Prayed at the altar of an unknown god.
   367 | D:1      | Became a worshipper of Yredelemnul the Dark
   367 | D:1      | Reached * piety under Yredelemnul
   515 | D:1      | Identified a scroll of acquirement
   515 | D:1      | Acquired the +7 quarterstaff of Curodett {vorpal, Int+3}
   540 | D:1      | Reached ** piety under Yredelemnul
   831 | D:2      | Reached XP level 4. HP: 32/32 MP: 4/4
   925 | D:2      | Learned a level 2 spell: Ensorcelled Hibernation
   944 | D:2      | Reached skill level 1 in Maces & Flails
   977 | D:2      | Reached XP level 5. HP: 25/37 MP: 4/6
  1100 | D:2      | Noticed Sigmund
  1138 | D:2      | Killed Sigmund
  1139 | D:2      | Reached skill level 1 in Staves
  1139 | D:2      | Reached skill level 1 in Throwing
  1139 | D:2      | Reached skill level 1 in Spellcasting
  1139 | D:2      | Reached skill level 1 in Hexes
  1139 | D:2      | Reached skill level 1 in Invocations
  1139 | D:2      | Reached XP level 6. HP: 28/44 MP: 7/7
  2067 | D:3      | Found Neryusk's Armour Shoppe.
  2605 | D:4      | Found a bloodstained altar of Trog.
  2698 | D:4      | Reached skill level 1 in Ice Magic
  2702 | D:4      | Found a blossoming altar of Fedhas.
  2854 | D:4      | Reached XP level 7. HP: 49/49 MP: 8/8
  2911 | D:4      | Reached skill level 2 in Staves
  3065 | D:4      | Identified the +2 robe of Indemnity {Str+3}
  3167 | D:5      | Entered Level 5 of the Dungeon
  3247 | D:5      | Noticed venomsnake's ghost (amateur MiBe)
  3250 | D:5      | Found a transporter.
  3261 | D:5      | Found a transporter.
  3321 | D:5      | Reached XP level 8. HP: 56/56 MP: 10/10
  3362 | D:5      | Learned a level 2 spell: Passwall
  3575 | D:5      | Found Voir's Assorted Antiques.
  3934 | D:6      | Noticed a kobold demonologist
  3934 | D:6      | Noticed a kobold demonologist
  3934 | D:6      | Found a transporter.
  3939 | D:6      | Found a transporter.
  3958 | D:6      | Reached skill level 3 in Staves
  4487 | D:6      | Reached skill level 1 in Earth Magic
  4831 | D:6      | Found a runed translucent door.
  4832 | D:6      | Noticed Crazy Yiuf
  4842 | D:6      | Killed Crazy Yiuf
  4843 | D:6      | Reached skill level 1 in Transmutations
  4853 | D:6      | Identified the +1 hammer of Precise Incision {speed, rPois
                  | rF+ Str+3 Dex-3}
  5399 | D:6      | Noticed an ice devil
  5400 | D:6      | Noticed a sun demon
  5640 | D:5      | Bought a wand of flame (4) for 81 gold pieces
  5640 | D:5      | Bought a scroll of identify for 58 gold pieces
  5640 | D:5      | Bought a scroll of poison for 116 gold pieces
  5809 | D:5      | Killed venomsnake's ghost
  5810 | D:5      | Reached skill level 4 in Staves
  5810 | D:5      | Reached XP level 9. HP: 35/62 MP: 12/12
  6184 | D:6      | Noticed a sixfirhy
  6186 | D:6      | Noticed an orange demon
  6191 | D:6      | Noticed a soul eater
  6193 | D:6      | Noticed a rust devil
  6555 | D:7      | Noticed Maggie
  6565 | D:7      | Reached skill level 1 in Polearms
  6565 | D:7      | Noticed Maggie
  6565 | D:7      | Maggie changed into Maggie the ogre
  6578 | D:7      | Killed Maggie the ogre
  7642 | D:7      | Noticed Prince Ribbit
  7661 | D:7      | Killed Prince Ribbit
  7730 | D:7      | Found a staircase to the Ecumenical Temple.
  7985 | D:8      | Noticed Pikel
  8076 | D:8      | Killed Pikel
  8077 | D:8      | Reached XP level 10. HP: 40/70 MP: 14/14
  8252 | D:8      | Reached skill level 5 in Evocations
  8652 | D:8      | Identified the +0 leather armour "Xautid" {Will+}
  8676 | D:8      | Found Suany's Jewellery Shop.
  9151 | D:8      | Reached *** piety under Yredelemnul
  9528 | D:9      | Reached skill level 5 in Staves
  9853 | D:9      | Learned a level 4 spell: Iskenderun's Mystic Blast
  9984 | D:9      | Noticed Psyche
  9996 | D:9      | Killed Psyche
  9997 | D:9      | Reached XP level 11. HP: 29/76 MP: 16/16
 10001 | D:9      | Noticed a two-headed ogre
 10009 | D:9      | Killed a two-headed ogre
 10095 | D:9      | Identified the +12 short sword of Duahipn {venom, rElec
                  | rN++ Int-5}
 10114 | D:9      | Learned a level 5 spell: Borgnjor's Vile Clutch
 10116 | D:9      | Found an iron altar of Okawaru.
 10414 | D:10     | Entered Level 10 of the Dungeon
 10414 | D:10     | Noticed Amaemon
 10421 | D:9      | Reached skill level 5 in Dodging
 10421 | D:9      | Reached skill level 1 in Translocations
 10545 | D:10     | Identified the +6 flail "Zothran" {vorpal, rC++ Str+4
                  | Int-5}
 10619 | D:10     | Found a staircase to the Lair.
 10635 | D:10     | Reached skill level 1 in Conjurations
 10746 | D:10     | Reached skill level 6 in Staves
 10765 | D:10     | HP: 3/77 [enormous slime creature (61)]
 10833 | D:10     | Noticed Nergalle
 10847 | D:10     | Killed Nergalle
 10935 | D:10     | Your ally Nergalle died
 11254 | D:10     | Noticed a boulder beetle
 11309 | D:10     | HP: 2/78 [boulder beetle (10)]
 11316 | D:10     | Slain by a boulder beetle

Illustrated notes

Levels and vault maps discovered:
D:1:      amcnicky_arrival_feature_with_door, layout_basic,
          shapermc_ecumenical_altar_notcrosses
D:2:      cheibrodos_fertilizer, layout_basic, uniq_sigmund
D:3:      layout_basic, serial_shops, nicolae_diamond_shop
D:4:      layout_basic, mainiacjoe_overflow_catch_the_wave
D:5:      layout_loops_ring, gammafunk_ghost_arena, nicolae_take_the_stairs
D:6:      gammafunk_wand_slinger, layout_basic, uniq_crazy_yiuf_cottage
D:7:      layout_basic, minmay_temple_entry_statues_pillars, interstate_on_off,
          kennysheep_generic_room_14, uniq_prince_ribbit1, uniq_maggie
D:8:      layout_rooms, minmay_shop_enchanted_jewellery, uniq_pikel
D:9:      layout_rooms, okawaru_metal_pillars_1_2, uniq_psyche
D:10:     minmay_octagon_keep, layout_small_grid, minmay_lair_entry_grove,
          uniq_amaemon, uniq_nergalle

Skill      XL: |  1  2  3  4  5  6  7  8  9 10 11 |
---------------+----------------------------------+-----
Maces & Flails | 1 2 4 |  4.9
Staves         | 1 2 4 5 6 |  6.5
Throwing       | 1 2 3 4 |  4.0
Stealth        | 2 3 4 |  4.9
Spellcasting   | 1 2 3 4 |  4.0
Hexes          | 1 2 3 4 |  4.0
Invocations    | 1 2 3 4 |  4.3
Evocations     | 4 5 |  5.7
Ice Magic      | 1 2 3 4 |  4.0
Fighting       | 2 3 4 |  4.4
Armour         | 3 4 |  4.9
Dodging        | 2 3 4 5 |  5.3
Earth Magic    | 1 2 3 |  3.7
Transmutations | 1 2 3 |  3.5
Polearms       | 1 2 3 |  3.1
Translocations | 1 |  1.5
Conjurations   | 1 |  1.5

Action                   |  1- 3 |  4- 6 |  7- 9 | 10-12 || total
-------------------------+-------+-------+-------+-------++-------
Melee: Club              |    26 |       |       |       ||    26
       Flail             |     8 |       |       |       ||     8
       Quarterstaff      |     7 |    57 |    71 |   223 ||   358
       Mace              |       |       |   160 |    25 ||   185
       Punch             |       |       |     2 |     1 ||     3
Throw: Dart              |     2 |     9 |    15 |    13 ||    39
 Cast: Ensorcelled Hiber |       |     7 |    18 |     1 ||    26
Invok: Recall Undead Har |       |     9 |     5 |     1 ||    15
Evoke: Wand              |    13 |     3 |    25 |    23 ||    64
  Use: Scroll            |     2 |     5 |    10 |     7 ||    24
       Potion            |       |     1 |     2 |     8 ||    11
 Stab: Sleeping          |     2 |     3 |     5 |     2 ||    12
       Distracted        |       |       |     1 |     1 ||     2
       Invisible         |       |       |       |     4 ||     4
Armor: Leather armour    |    13 |    30 |     3 |       ||    46
       Robe              |       |       |   148 |   142 ||   290
Dodge: Dodged            |    44 |    31 |   146 |   214 ||   435
